 Dungeon Crawl Stone Soup version 0.25-a0-429-g4e43983 (webtiles) character file.

Game seed: 15708698302762495512, levelgen mode: deterministic

932 AngryBottledMilk the Shield-Bearer (level 7, -4/61 HPs)
             Began as a Minotaur Fighter on Jan 25, 2020.
             Was a Follower of Ashenzari.
             Killed from afar by an orc wizard (7 damage)
             ... with a magic dart
             ... on level 5 of the Dungeon.
             The game lasted 00:10:45 (4884 turns).

AngryBottledMilk the Shield-Bearer (MiFi)           Turns: 4884, Time: 00:10:45

Health: -4/61      AC:  7    Str: 27    XL:     7   Next: 86%
Magic:  6/6        EV:  9    Int:  5    God:    Ashenzari [*.....]
Gold:   108        SH: 16    Dex: 10    Spells: 6/6 levels left

rFire    . . .     SeeInvis .   a - +0 long sword
rCold    . . .     Gourm    .   c - +0 shield
rNeg     . . .     Faith    .   b - +0 scale mail
rPois    .         Spirit   .   (helmet restricted)
rElec    .         Reflect  +   w - scarf {repulsion}
rCorr    .         Harm     .   (no gloves)
MR       .....                  (no boots)
Stlth    ..........             k - +5 amulet of reflection (curse)
HPRegen  0.20/turn              (no ring)
MPRegen  0.10/turn              (no ring)

@: mighty, repel missiles
A: retaliatory headbutt, horns 2
a: Curse Item, Scrying, Renounce Religion


You were on level 5 of the Dungeon.
You worshipped Ashenzari.
Ashenzari was aware of your devotion.
You were hungry.

You visited 1 branch of the dungeon, and saw 5 of its levels.

You collected 108 gold pieces.

Inventory:

Hand Weapons
 a - a +0 long sword (weapon)
Missiles
 g - 10 poisoned darts (quivered)
Armour
 b - a +0 scale mail (worn)
 c - a +0 shield (worn)
 w - a scarf of repulsion (worn)
Jewellery
 k - a cursed +5 amulet of reflection (around neck)
Scrolls
 h - 3 scrolls of amnesia {unknown}
 i - 2 scrolls of blinking {unknown}
 j - 3 scrolls of identify {unknown}
 l - a scroll of fear {unknown}
 m - a scroll of enchant armour {unknown}
 o - 3 scrolls of random uselessness {unknown}
 p - a scroll of fog {unknown}
 q - 2 scrolls of immolation {unknown}
 r - 2 scrolls of remove curse
 v - a scroll of magic mapping {unknown}
Potions
 e - 3 potions of curing {unknown}
 f - 2 potions of brilliance {unknown}
 n - a potion of flight {unknown}
 s - 2 potions of heal wounds {unknown}
 t - 2 potions of degeneration {unknown}
Comestibles
 u - 2 rations


   Skills:
 + Level 5.4 Fighting
 + Level 6.5 Long Blades
 + Level 5.6 Armour
 + Level 2.4 Dodging
 + Level 0.6 Stealth
 + Level 6.7 Shields


You had 6 spell levels left.
You didn't know any spells.
Your spell library contained the following spells:

 Spells                   Type           Power        Failure   Level  Hunger
 Animate Skeleton         Necr           N/A          97%         1    ##.....
 Apportation              Tloc           #.....       97%         1    ##.....
 Corona                   Hex            #......      97%         1    ##.....
 Foxfire                  Conj/Fire      #...         97%         1    ##.....
 Pain                     Necr           #...         97%         1    ##.....
 Summon Small Mammal      Summ           #...         97%         1    ##.....
 Conjure Flame            Conj/Fire      #.......     100%        3    ####...
 Inner Flame              Hex/Fire       #.......     100%        3    ####...
 Vampiric Draining        Necr           #.........   100%        3    ####...
 Animate Dead             Necr           N/A          100%        4    #####..
 Sticky Flame             Conj/Fire      #.......     100%        4    #####..
 Agony                    Necr           #.......     100%        5    ######.
 Fireball                 Conj/Fire      #.........   100%        5    ######.


Dungeon Overview and Level Annotations

Branches:
Dungeon (5/15)             Temple (0/1) D:5

Altars:
Ashenzari
Cheibriados
Dithmenos
Hepliaklqana
Makhleb
Ru
Trog
The Shining One


Innate Abilities, Weirdness & Mutations

You reflexively headbutt those who attack you in melee.
You have a pair of horns on your head.


Message History

You block the orc wizard's attack. x2
The orc wizard hits you but does no damage.
Things that are here:
a +0 dagger; a +0 robe The orc wizard completely misses you.
The orc wizard hits you but does no damage.
The orc wizard points at you and mumbles some strange words.
The magic dart hits you!
* * * LOW HITPOINT WARNING * * *
The orc wizard casts a spell.
The orc wizard blinks!
Things that are here:
a +0 dagger; a +0 robe The orc wizard mumbles some strange words.
The orc wizard blinks!
You feel yourself speed up.
You are feeling hungry.
The orc wizard gestures at you while chanting.
The magic dart hits you!
You die...

#
..#######+##
...........#
...........#
.......@...#
...........#
.........).#
......###>##
..o... #.# #
.....[
#.####.##
#....
###.....(..
#####
#........#.
#........#


You could see an orc wizard.

Vanquished Creatures
  2 ogres
  A scorpion (D:4)
  A howler monkey (D:4)
  2 crimson imps (D:5)
  3 orc priests (D:5)
  2 hounds
  A bullfrog skeleton (D:5)
  4 iguanas
  4 orc wizards
  4 worker ants (D:4)
  4 adders
  A shadow imp (D:5)
  3 worms
  4 dart slugs
  4 leopard geckos
  8 orcs
  2 ball pythons (D:3)
  7 bats
  3 giant cockroaches
  3 goblins
  5 hobgoblins
  2 jackals (D:1)
  7 kobolds
  3 quokkas
  2 frilled lizards
  4 rats
86 creatures vanquished.

Vanquished Creatures (others)
  A kobold (D:3)
1 creature vanquished.

Grand Total: 87 creatures vanquished

Notes
Turn   | Place    | Note
-------+----------+-------------------------------------------
     0 | D:1      | AngryBottledMilk the Minotaur Fighter began the quest for
                  | the Orb.
     0 | D:1      | Reached XP level 1. HP: 19/19 MP: 0/0
   159 | D:1      | Reached XP level 2. HP: 27/27 MP: 1/1
   438 | D:1      | Reached XP level 3. HP: 33/33 MP: 2/2
   951 | D:2      | Found a shattered altar of Ashenzari.
  1034 | D:2      | Became a worshipper of Ashenzari the Shackled
  1819 | D:3      | Found a glowing golden altar of the Shining One.
  1873 | D:3      | Reached XP level 4. HP: 40/40 MP: 3/3
  1878 | D:3      | Found a snail-covered altar of Cheibriados.
  2045 | D:3      | Reached * piety under Ashenzari
  2086 | D:3      | Found a shadowy altar of Dithmenos.
  2113 | D:3      | Found a sacrificial altar of Ru.
  2389 | D:3      | Found a hazy altar of Hepliaklqana.
  2547 | D:4      | Reached skill level 5 in Shields
  2548 | D:4      | Reached XP level 5. HP: 24/46 MP: 4/4
  2889 | D:4      | Reached skill level 1 in Dodging
  2924 | D:4      | Reached XP level 6. HP: 55/55 MP: 5/5
  3231 | D:4      | Found a bloodstained altar of Trog.
  3678 | D:4      | Reached skill level 5 in Long Blades
  3694 | D:4      | Reached skill level 5 in Fighting
  3694 | D:4      | Reached skill level 5 in Armour
  3983 | D:5      | Entered Level 5 of the Dungeon
  4049 | D:5      | Found a burning altar of Makhleb.
  4119 | D:5      | Found a staircase to the Ecumenical Temple.
  4136 | D:5      | Reached XP level 7. HP: 61/61 MP: 6/6
  4882 | D:5      | HP: 2/61 [orc wizard/magic dart (12)]
  4884 | D:5      | Killed from afar by an orc wizard

Levels and vault maps discovered:
D:1:      eino_arrival_water_cross, layout_loops_cross
D:2:      layout_basic, lemuel_crystal_altar
D:3:      layout_rooms, nicolae_dithmenos_shadow_blocks, lemuel_crystal_altar,
          kennysheep_slug_shrine, lemuel_round_altar, hex_medium,
          minmay_misc_feat_enclosed, nicolae_ru_sacrificial_ziggurat
D:4:      layout_layer_cave, lemuel_crystal_altar, first_ration
D:5:      layout_basic, kennysheep_mini_moat, minmay_temple_entry_stoned_glass

Skill      XL: |  1  2  3  4  5  6  7 |
---------------+----------------------+-----
Armour         | 4 5 |  5.6
Shields        | 4 5 6 |  6.7
Fighting       | 4 5 |  5.4
Long Blades    | 3 4 5 6 |  6.5
Dodging        | 1 2 |  2.4
Stealth        | |  0.6

Action                   |  1- 3 |  4- 6 |  7- 9 || total
-------------------------+-------+-------+-------++-------
Melee: Long sword        |    84 |   113 |    74 ||   271
       Headbutt          |    12 |    22 |    18 ||    52
Invok: Curse Item        |       |     1 |       ||     1
  Use: Potion            |       |       |     1 ||     1
  Eat: Chunk             |     1 |     6 |     2 ||     9
       Ration            |     1 |       |       ||     1
Armor: Scale mail        |    25 |    24 |    31 ||    80
Dodge: Dodged            |    20 |    22 |    20 ||    62
       Deflected         |       |       |     2 ||     2
Block: Shield            |    55 |    92 |    46 ||   193
       Reflection        |     1 |     1 |       ||     2
       Rpst.: Long sword |     8 |    11 |     6 ||    25

Table legend:
 A = Non-vault XP
 B = Vault XP
 C = Vault XP percentage of total XP
 D = Non-vault monster count
 E = Vault monster count
 F = Vault count percentage of total count
                 A         B        C        D         E       F
            +---------+---------+-------+---------+---------+-------
      Total |    1328 |       4 |   0.3 |      86 |       1 |   1.1
            +---------+---------+-------+---------+---------+-------
        D:1 |      48 |       0 |   0.0 |      22 |       0 |   0.0
        D:2 |      13 |       0 |   0.0 |       7 |       0 |   0.0
        D:3 |      72 |       4 |   5.3 |      19 |       1 |   5.0
        D:4 |     587 |       0 |   0.0 |      20 |       0 |   0.0
        D:5 |     608 |       0 |   0.0 |      18 |       0 |   0.0
            +---------+---------+-------+---------+---------+-------
